 Dungeon Crawl Stone Soup version 0.30-a0-46-g5a63ccc183 (webtiles) character file.

Game seed: 1689107882127583153

1072 ytrimaz the Blocker (level 8, 0/58 HPs)
             Began as a Formicid Fighter on Sept 2, 2022.
             Was a Believer of Okawaru.
             Slain by a hound (2 damage)
             ... on level 5 of the Dungeon.
             The game lasted 00:05:46 (3450 turns).

ytrimaz the Blocker (Formicid Fighter)              Turns: 3450, Time: 00:05:47

Health: 0/58       AC:  0    Str: 22    XL:     8   Next: 53%
Magic:  7/7        EV:  9    Int: 15    God:    Okawaru [**....]
Gold:   157        SH:  6    Dex: 13    Spells: 7/7 levels left

rFire   + . .      SeeInvis +    a - +0 war axe {axe}
rCold   . . .      Faith    .    c - +0 buckler
rNeg    . . .      Spirit   .    b - +1 scale mail
rPois   +          Reflect  .    (helmet unavailable)
rElec   .          Harm     .    (no cloak)
rCorr   .          Rampage  .    (no gloves)
Will    .....                    i - +2 pair of boots
Stlth   ..........               (no amulet)
HPRegen 0.19/turn                r - ring of wizardry
MPRegen 0.10/turn                y - +6 ring of intelligence

@: corroded
A: permanent stasis, dig shafts and tunnels, antennae 3, four strong arms,
deformed body, fire resistance 1, low MP 1, poison resistance
a: Dig, Shaft Self, Renounce Religion, Heroism


You were on level 5 of the Dungeon.
You worshipped Okawaru.
Okawaru was pleased with you.
You visited 2 branches of the dungeon, and saw 6 of its levels.

You collected 157 gold pieces.


Innate Abilities, Weirdness & Mutations

You cannot be hasted, slowed, berserked, paralysed or teleported.
You can dig through walls and to a lower floor.
You have a pair of large antennae on your head. (SInv)
Your four strong arms can wield two-handed weapons with a shield.
Armour fits poorly on your strangely shaped body.
Your flesh is heat resistant. (rF+)
Your magical capacity is low. (-10% MP)
Your system is resistant to poisons. (rPois)


   Skills:
 - Level 3.2 Fighting
 + Level 5.4 Axes
 - Level 5.7 Armour
 + Level 9.6 Shields


You had 7 spell levels left.
You didn't know any spells.
Your spell library contained the following spells:

 Spells                   Type           Power      Damage    Failure   Level
 Magic Dart               Conj           0%         1d3       28%         1
 Mephitic Cloud           Conj/Pois/Air  0%         N/A       63%         3
 Ozocubu's Armour         Ice            0%         N/A       63%         3
 Ozocubu's Refrigeration  Ice            0%         4d7       100%        7
 Call Imp                 Summ           Unusable   N/A       N/A         2

Inventory:

Hand Weapons
 a - a +0 war axe (weapon) {axe}
 k - a +1 whip of flaming {mace}
   (You took it off Pikel on level 4 of the Dungeon)
Missiles
 f - 2 javelins {throwing}
 h - 56 stones {throwing}
 s - 5 boomerangs {throwing}
 t - 2 poisoned darts {throwing}
Armour
 b - a +1 scale mail (worn)
 c - a +0 buckler (worn)
 i - a +2 pair of boots (worn)
   (You found it on level 1 of the Dungeon)
Jewellery
 m - a ring of ice
   (You found it on level 2 of the Dungeon)
 r - a ring of wizardry (left hand)
   (You found it on level 2 of the Dungeon)
 y - a +6 ring of intelligence (right hand)
   (You found it on level 3 of the Dungeon)
Wands
 d - a wand of flame (23)
   (You found it on level 2 of the Dungeon)
 x - a wand of quicksilver (9)
   (You found it on level 4 of the Dungeon)
Scrolls
 e - a scroll of identify {@r1}
 q - 2 scrolls of enchant armour
 v - a scroll of amnesia
Potions
 j - 2 potions of flight
 l - a potion of brilliance
 n - a potion of magic
 o - a potion of invisibility {unknown}
 p - 2 potions of attraction {!q}
 u - a potion of heal wounds {unknown}
 w - 2 potions of degeneration {unknown}

Dungeon Overview and Level Annotations

Branches:
Dungeon (5/15) Zot: 26477  Temple (1/1) D:4 Zot: 5986

Altars:
Ashenzari
Cheibriados
Dithmenos
Elyvilon
Fedhas
Hepliaklqana
Nemelex Xobeh
Okawaru
Qazlal
Sif Muna
Trog
Uskayaw
Vehumet
Wu Jian
Xom
Yredelemnul
Zin
The Shining One

Shops:
D:2

= #...........## .##
.. #...>.....?..##...#
... ....#.#.#....?##.#
....
....###.##.......##...
.....##..............
. ......$.........##
...
##.#............##..##
#..........h).....#
#...........@......#
......#...##.=.....##
.......#..[.#.......#
......................
............#...#...#
.......##########
#...... ....


You could see a hound.


Message History

The ice beast freezes you! 😮 HP[-14]
You take 14 damage, and now have 35/58 hp.
MASSIVE DAMAGE!! (PAUSE)
You slash the ice beast! You block the ice beast's attack.
You hit the ice beast but do no damage. You block the ice beast's attack.
Unknown command.
You barely miss the ice beast. The ice beast misses you.
The ice beast hits you but does no damage. 😮 HP[+1] Unknown command.
You hit the ice beast but do no damage. The ice beast hits you.
The ice beast freezes you.
* * * LOW HITPOINT WARNING * * *
😨 HP[-8]
You take 8 damage, and now have 28/58 hp.
You slash the ice beast! You block the ice beast's attack.
Unknown command.
You slash the ice beast!
The ice beast hits you but does no damage. x2
You hit the ice beast.
The ice beast closely misses you. 😨 HP[+1] Unknown command.
You slash the ice beast!
You kill the ice beast!
Okawaru accepts your kill.
Unknown command. 😮 HP[+1]
An orc and a hound come into view.
The hound barks!
The hound moves out of view.
A jelly comes into view.
The jelly quivers.
You block the orc's attack.
You are too injured to fight recklessly!
You barely miss the hound. You barely miss the orc.
The hound barely misses you. The orc closely misses you. The hound bites you.
* * * LOW HITPOINT WARNING * * *
😨 HP[-1]
You take 1 damage, and now have 29/58 hp.
You are too injured to fight recklessly!
You closely miss the hound. You slash the orc!
You kill the orc!
Okawaru accepts your kill. You block the hound's attack.
Unknown command.
You closely miss the hound. The hound bites you.
* * * LOW HITPOINT WARNING * * *
You block the hound's attack. 😨 HP[-1]
You take 1 damage, and now have 28/58 hp.
You barely miss the hound. The hound bites you.
* * * LOW HITPOINT WARNING * * *
The hound bites you.
* * * LOW HITPOINT WARNING * * *
😨 HP[-5]
You take 5 damage, and now have 23/58 hp.
Unknown command.
You hit the hound but do no damage. You hit the jelly but do no damage.
Your hands burn!
* * * LOW HITPOINT WARNING * * *
You block the hound's attack. You block the jelly's attack.
The hound bites you but does no damage. 😨 HP[-2]
You take 2 damage, and now have 21/58 hp.
You slash the jelly! The acid corrodes you!
Your hands burn!
* * * LOW HITPOINT WARNING * * *
You hit the hound. The hound bites you.
* * * LOW HITPOINT WARNING * * *
You block the jelly's attack. The hound barely misses you. The jelly hits you.
* * * LOW HITPOINT WARNING * * *
The acid corrodes you!
You are splashed with acid!
* * * LOW HITPOINT WARNING * * *
Unknown command. 😱 HP[-16]
You take 16 damage, and now have 5/58 hp.
MASSIVE DAMAGE!! (PAUSE)
You barely miss the jelly. You hit the hound. You block the hound's attack.
You block the jelly's attack. The hound bites you.
* * * LOW HITPOINT WARNING * * *
😱 HP[-1]
You take 1 damage, and now have 4/58 hp.
Unknown command.
Unknown command.
You feel better. The hound barely misses you. The jelly hits you.
* * * LOW HITPOINT WARNING * * *
You are splashed with acid.
* * * LOW HITPOINT WARNING * * *
Unknown command.
You slash the jelly!
You kill the jelly!
Okawaru accepts your kill.
You hit the hound. You block the hound's attack. x2
Unknown command.
You hit the hound. The hound barely misses you.
The hound closely misses you. 😱 HP[+1]
You completely miss the hound. The hound bites you.
* * * LOW HITPOINT WARNING * * *
The hound bites you.
You die...

Skill      XL: |  1  2  3  4  5  6  7  8 |
---------------+-------------------------+-----
Shields        | 5 6 8 9 |  9.6
Armour         | 4 5 |  5.7
Axes           | 3 4 5 |  5.4
Fighting       | |  3.2

Action                   |  1- 3 |  4- 6 |  7- 9 || total
-------------------------+-------+-------+-------++-------
Melee: War axe           |    34 |   131 |    66 ||   231
Evoke: Wand              |       |     1 |       ||     1
  Use: Scroll            |     1 |     5 |     3 ||     9
       Potion            |     1 |     4 |     1 ||     6
Armor: Scale mail        |    18 |    58 |    38 ||   114
Dodge: Dodged            |    22 |    54 |    32 ||   108
Block: Buckler           |    12 |    30 |    41 ||    83

Levels and vault maps discovered:
D:1:      evilmike_arrival_fibonacci_small, layout_basic
D:2:      minmay_inner_zag, layout_basic, serial_shops,
          nicolae_shop_behind_doors, chequers_avenue, uniq_terence
D:3:      layout_rooms, lemuel_crystal_altar
D:4:      layout_loops_ring, temple_hall, portal_sewer_entry_d, uniq_pikel
D:5:      layout_cave_pools, gammafunk_ghost_gnarly_gnolls, serial_shops,
          nicolae_shop_hallway_plus, nicolae_figureground_sparkle
Temple:   sentei_temple_godly_chess

Notes
Turn   | Place    | Note
-------+----------+-------------------------------------------
     0 | D:1      | ytrimaz the Formicid Fighter began the quest for the Orb.
     0 | D:1      | Reached XP level 1. HP: 18/18 MP: 1/1
     0 | D:1      | magus.rc [v1.9.6]
   230 | D:1      | Reached XP level 2. HP: 22/24 MP: 2/2
   628 | D:2      | Noticed Terence
   636 | D:2      | Killed Terence
   637 | D:2      | Reached skill level 5 in Shields
   637 | D:2      | Reached XP level 3. HP: 27/29 MP: 3/3
   657 | D:2      | Reached XP level 4. HP: 30/35 MP: 4/4
   696 | D:2      | You pick up a book of Minor Magic and begin reading...
   696 | D:2      | You add the spells Magic Dart, Call Imp and Mephitic Cloud
                  | to your library.
  1099 | D:2      | Found Jiown's Jewellery Shop.
  1215 | D:2      | Reached skill level 4 in Armour
  1255 | D:2      | Reached XP level 5. HP: 41/41 MP: 5/5
  1439 | D:3      | Reached skill level 3 in Axes
  1447 | D:3      | Reached skill level 6 in Shields
  1543 | D:3      | You add the spells Ozocubu's Armour and Ozocubu's
                  | Refrigeration to your library.
  1691 | D:3      | Found an ornate altar of the Wu Jian Council.
  2128 | D:4      | Reached XP level 6. HP: 28/47 MP: 6/6
  2143 | D:4      | Found a staircase to the Ecumenical Temple.
  2159 | Temple   | Entered the Ecumenical Temple
  2167 | Temple   | Became a worshipper of Warmaster Okawaru
  2337 | D:4      | Noticed Pikel
  2338 | D:4      | Gained mutation: Your magical capacity is low. (-10% MP)
                  | [potion of mutation]
  2338 | D:4      | Gained mutation: Armour fits poorly on your strangely
                  | shaped body. [potion of mutation]
  2338 | D:4      | Gained mutation: Your flesh is heat resistant. (rF+)
                  | [potion of mutation]
  2338 | D:4      | Gained mutation: Your system is resistant to poisons.
                  | (rPois) [potion of mutation]
  2353 | D:4      | HP: 10/47 [Pikel/+1 whip of flaming (6)]
  2354 | D:4      | Killed Pikel
  2354 | D:4      | Reached * piety under Okawaru
  2355 | D:4      | Reached skill level 4 in Axes
  2355 | D:4      | Reached skill level 5 in Armour
  2355 | D:4      | Reached skill level 8 in Shields
  2355 | D:4      | Reached XP level 7. HP: 6/52 MP: 6/6
  2800 | D:4      | Reached XP level 8. HP: 58/58 MP: 7/7
  2991 | D:5      | Entered Level 5 of the Dungeon
  3005 | D:5      | HP: 14/58 [orc priest/nerve-wracking pain (11)]
  3005 | D:5      | HP: 1/58 [orc priest/divine providence (13)]
  3008 | D:5      | Reached ** piety under Okawaru
  3009 | D:5      | Reached skill level 9 in Shields
  3324 | D:5      | Reached skill level 5 in Axes
  3445 | D:5      | HP: 13/58 [jelly (2)]
  3445 | D:5      | HP: 5/58 [acid (8)]
  3450 | D:5      | HP: 2/58 [hound (3)]
  3450 | D:5      | Slain by a hound

Vanquished Creatures
  Pikel (D:4)
  An ice beast (D:5)
  A centaur (D:5)
  A scorpion (D:4)
  An orc priest (D:5)
  2 jellies
  Terence (D:2)
  An iguana (D:5)
  5 orc wizards
  7 adders
  2 worms (D:2)
  3 dart slugs
  8 orcs
  6 bats
  6 endoplasms
  7 giant cockroaches
  4 goblins
  5 hobgoblins
  A quokka (D:3)
  11 ball pythons
  4 frilled lizards
  6 kobolds
  2 rats (D:1)
86 creatures vanquished.

Table legend:
 A = Non-vault XP
 B = Vault XP
 C = Vault XP percentage of total XP
 D = Non-vault monster count
 E = Vault monster count
 F = Vault count percentage of total count
                 A         B        C        D         E       F
            +---------+---------+-------+---------+---------+-------
      Total |     850 |     682 |  44.5 |      76 |      10 |  11.6
            +---------+---------+-------+---------+---------+-------
        D:1 |      16 |       0 |   0.0 |      11 |       0 |   0.0
        D:2 |      70 |      62 |  47.0 |      20 |       8 |  28.6
        D:3 |      56 |       0 |   0.0 |      19 |       0 |   0.0
        D:4 |     272 |     620 |  69.5 |      17 |       2 |  10.5
        D:5 |     436 |       0 |   0.0 |       9 |       0 |   0.0
            +---------+---------+-------+---------+---------+-------

Illustrated notes

Table legend:
 A = Kills in this place as a percentage of kills in entire the game.
 B = Kills by you in this place as a percentage of kills by you in the entire game.
 C = Kills by friends in this place as a percentage of kills by friends in the entire game.
 D = Other kills in this place as a percentage of other kills in the entire game.
 E = Experience gained in this place as a percentage of experience gained in the entire game.
 F = Experience gained in this place divided by the number of levels of this place that you have seen.
                   A       B       C       D       E      F
               +-------+-------+-------+-------+-------+----------------------
         Total | 100.0 | 100.0 |   N/A |   N/A | 100.0 | 255.3
       Dungeon | 100.0 | 100.0 |   N/A |   N/A | 100.0 | 306.4
               +-------+-------+-------+-------+-------+----------------------

Table legend: (Time is in decaauts)
 A = Elapsed time spent in this place.
 B = Non-inter-level travel time spent in this place.
 C = Inter-level travel time spent in this place.
 D = Time resting spent in this place.
 E = Time spent auto-exploring this place.
 F = Levels seen in this place.
 G = Mean time per level.
                   A        B        C        D        E       F      G
               +--------+--------+--------+--------+--------+-----+--------+
         Total |   3534 |   3460 |     74 |    291 |   2325 |   6 |  589.0 |
       Dungeon |   3521 |   3447 |     74 |    291 |   2325 |   5 |  704.2 |
        Temple |     13 |     13 |      0 |      0 |      0 |   1 |   13.0 |
               +--------+--------+--------+--------+--------+-----+--------+

Top non-repeatable levels by time:
     D:4: 1268 daAuts
     D:2: 908 daAuts
     D:3: 608 daAuts
     D:1: 557 daAuts
     D:5: 177 daAuts
  Temple: 13 daAuts
